 Dungeon Crawl Stone Soup version 0.28-a0-1241-gf280a0fbb2 (webtiles) character file.

Game seed: 12699109922706629164

91 ChaosChampion the Skirmisher (level 4, -1/41 HPs)
             Began as a Hill Orc Fighter on Dec 26, 2021.
             Slain by a gnoll (6 damage)
             ... on level 2 of the Dungeon.
             The game lasted 00:01:50 (1762 turns).

ChaosChampion the Skirmisher (Hill Orc Fighter)     Turns: 1762, Time: 00:01:50

Health: -1/41      AC:  8    Str: 20    XL:     4   Next: 57%
Magic:  4/4        EV:  9    Int:  8    God:
Gold:   38         SH:  4    Dex: 10    Spells: 3/3 levels left

rFire   . . .      SeeInvis .   a - +0 war axe
rCold   . . .      Faith    .   c - +0 buckler
rNeg    . . .      Spirit   .   b - +0 scale mail
rPois   .          Reflect  .   i - +0 helmet
rElec   .          Harm     .   (no cloak)
rCorr   .          Rampage  .   (no gloves)
Will    .....                   (no boots)
Stlth   ..........              (no amulet)
HPRegen 0.13/turn               (no ring)
MPRegen 0.09/turn               (no ring)

@: no status effects
A: no striking features
a: no special abilities


You were on level 2 of the Dungeon.
You visited 1 branch of the dungeon, and saw 4 of its levels.

You collected 38 gold pieces.

Inventory:

Hand Weapons
 a - a +0 war axe (weapon)
Missiles
 f - 12 poisoned darts (quivered)
Armour
 b - a +0 scale mail (worn)
 c - a +0 buckler (worn)
 i - a +0 helmet (worn)
Jewellery
 s - a ring of fire
Scrolls
 e - a scroll of identify {unknown}
 g - a scroll of magic mapping {unknown}
 h - a scroll of noise {unknown}
 k - a scroll of enchant armour {unknown}
 l - a scroll of teleportation {unknown}
 m - a scroll of blinking {unknown}
 t - a scroll of silence {unknown}
Potions
 d - 2 potions of might
 j - 2 potions of heal wounds {unknown}
 n - a potion of cancellation {unknown}
 o - 2 potions of ambrosia {unknown}
 p - 2 potions of haste {unknown}
 q - a potion of lignification {unknown}
 r - a potion of flight {unknown}


   Skills:
 + Level 4.4 Fighting
 + Level 3.8 Axes
 + Level 4.0 Armour
 + Level 4.0 Shields


You had 3 spell levels left.
You didn't know any spells.
Your spell library contained the following spells:

 Spells                   Type           Power      Damage    Failure   Level
 Sandblast                Erth           0%         2d4       77%         1
 Passwall                 Tmut/Erth      0%         N/A       88%         2
 Stone Arrow              Conj/Erth      0%         3d7       98%         3


Dungeon Overview and Level Annotations

Branches:
Dungeon (4/15)
 Temple: D:4-7

Altars:

Shops:
D:2 :


Message History

A gnoll comes into view. It is wielding a +0 spear.
There are monsters nearby!
The gnoll hits you from afar with a +0 spear.
The gnoll completely misses you. The gnoll hits you with a +0 flail.
A gnoll comes into view. It is wielding a +0 flail.
You closely miss the gnoll. You hit the gnoll but do no damage.
The gnoll hits you from afar with a +0 spear.
The gnoll closely misses you. The gnoll hits you with a +0 flail.
A goblin comes into view. It is wielding a +0 club.
The goblin shouts!
You hit the gnoll.
The gnoll is moderately wounded.
You barely miss the gnoll. You block the gnoll's attack. x2
The gnoll hits you with a +0 flail. The gnoll hits you but does no damage.
You block the gnoll's attack. The gnoll hits you with a +0 flail.
You are too injured to fight recklessly!
You are too injured to fight recklessly!
The gnoll barely misses you.
The goblin unwields a +0 club.
The goblin wields a +0 hunting sling.
The goblin shoots a stone.
The stone hits you.
There is a stone staircase leading up here.
The gnoll hits you but does no damage.
You climb upwards.
There is a stone staircase leading down here.
You closely miss the gnoll.
The gnoll is moderately wounded.
The gnoll closely misses you.
You closely miss the gnoll.
The gnoll is moderately wounded.
The gnoll hits you with a +0 flail!
* * * LOW HITPOINT WARNING * * *
You are too injured to fight recklessly!
You closely miss the gnoll.
The gnoll is moderately wounded.
The gnoll barely misses you. The gnoll hits you with a +0 flail!
* * * LOW HITPOINT WARNING * * *
You closely miss the gnoll.
The gnoll is moderately wounded.
The gnoll hits you with a +0 flail.
You die...

###########
#.........###
###.#####.....#
#.............######
#.#.####............
#.#@..........######
#.#g.###......#
#......#.######
###.#..#.#.######
#...#...........#
#.#####....####.# #
#...#......####.######
###.#.##.......(......
#...##..#####....#..


You could see a gnoll.

Vanquished Creatures
  2 adders (D:2)
  2 worms
  2 dart slugs (D:1)
  2 orcs (D:3)
  11 ball pythons
  5 bats
  4 endoplasms
  6 goblins (D:1)
  6 hobgoblins
  A jackal (D:2)
  8 frilled lizards
  3 kobolds
  6 rats
58 creatures vanquished.

Notes
Turn   | Place    | Note
-------+----------+-------------------------------------------
     0 | D:1      | ChaosChampion the Hill Orc Fighter began the quest for the
                  | Orb.
     0 | D:1      | Reached XP level 1. HP: 19/19 MP: 1/1
    25 | D:1      | Reached XP level 2. HP: 19/27 MP: 2/2
   257 | D:1      | Reached XP level 3. HP: 33/33 MP: 3/3
   755 | D:2      | Reached XP level 4. HP: 39/40 MP: 4/4
   820 | D:2      | You fall into a shaft and drop 2 floors!
   986 | D:2      | Found Malingu's Book Emporium.
  1762 | D:2      | Slain by a gnoll

Illustrated notes

Levels and vault maps discovered:
D:1:      wander_arrival_fairy_ring, layout_basic, minmay_misc_feat_four_crosses
D:2:      layout_loops_ring, serial_shops, nicolae_diamond_shop,
          minmay_diced_spiral
D:3:      layout_basic, uniq_natasha
D:4:      layout_cave_pods, uniq_grinder

Skill      XL: |  1  2  3  4 |
---------------+-------------+-----
Axes           | 3 |  3.8
Fighting       | 4 |  4.4
Shields        | 4 |  4.0
Armour         | 4 |  4.0

Action                   |  1- 3 |  4- 6 || total
-------------------------+-------+-------++-------
Melee: War axe           |    88 |    68 ||   156
Armor: Scale mail        |    49 |    26 ||    75
Dodge: Dodged            |    35 |    33 ||    68
Block: Buckler           |    16 |    18 ||    34

Table legend: (Time is in decaauts)
 A = Elapsed time spent in this place.
 B = Non-inter-level travel time spent in this place.
 C = Inter-level travel time spent in this place.
 D = Time resting spent in this place.
 E = Time spent auto-exploring this place.
 F = Levels seen in this place.
 G = Mean time per level.
                   A        B        C        D        E       F      G
               +--------+--------+--------+--------+--------+-----+--------+
         Total |   1814 |   1795 |     19 |    100 |   1284 |   4 |  453.5 |
       Dungeon |   1814 |   1795 |     19 |    100 |   1284 |   4 |  453.5 |
               +--------+--------+--------+--------+--------+-----+--------+

Top non-repeatable levels by time:
     D:2: 848 daAuts
     D:1: 732 daAuts
     D:3: 227 daAuts
     D:4: 5 daAuts
